[Event "2nd Goa GM Open 2019"]
[Site "Goa"]
[Date "2019.06.23"]
[Round "8.28"]
[White "Kushagra Mohan"]
[Black "Manik, Mikulas"]
[Result "1/2-1/2"]
[ECO "B90"]
[WhiteElo "2207"]
[BlackElo "2399"]
[Annotator "NA"]
[PlyCount "64"]
[EventDate "2019.06.17"]
[EventType "swiss"]
[EventCountry "IND"]
[SourceTitle "playchess.com"]
[Source "ChessBase"]
[SourceQuality "1"]
[TimeControl "5400+30"]

1. e4 c5 2. Nf3 d6 3. d4 cxd4 4. Nxd4 Nf6 5. Nc3 a6 6. h3 e6 7. g4 h6 8. Bg2 g5 9. Qe2 Nbd7 10. Rf1 Be7 11. Be3 Qc7 12. O-O-O Rb8 13. Nb3 b5 14. a3 e5 15. Kb1 b4 16. axb4 Rxb4 17. Nd5 Nxd5 18. exd5 Nf6 19. Bd2 Ra4 20. Bc3 Bd7 21. Rfe1 O-O 22. Qd2 Rc8 23. f3 Rf4 24. Re3 Bf8 25. Bf1 Bb5 26. Nc1 Bxf1 27. Rxf1 Qb7 28. Rd3 Ne4 29. fxe4 Rxf1 30. Qg2 Rf6 31. Ne2 Qb6 32. Be1 a5 1/2-1/2

[Event "2nd Goa GM Open 2019"]
[Site "Goa"]
[Date "2019.06.23"]
[Round "8.29"]
[White "Mahindrakar Indrajeet"]
[Black "Nitin, S.."]
[Result "*"]
[ECO "B21"]
[WhiteElo "2100"]
[BlackElo "2398"]
[Annotator "NA RC"]
[PlyCount "117"]
[EventDate "2019.06.17"]
[EventType "swiss"]
[EventCountry "IND"]
[SourceTitle "playchess.com"]
[Source "ChessBase"]
[SourceQuality "1"]
[TimeControl "5400+30"]

1. e4 c5 2. d4 cxd4 3. c3 d3 4. Bxd3 d6 5. Nf3 Nd7 6. Be3 Ngf6 7. h3 a6 8. O-O e6 9. c4 b6 10. Nc3 Bb7 11. Rc1 Rc8 12. Re1 Be7 13. b3 Qc7 14. Bb1 Qb8 15. Bf4 O-O 16. Qd2 Rfd8 17. Qe3 Qa8 18. Rcd1 Ne8 19. Nh2 Rc5 20. Na4 Rc6 21. Nc3 Ne5 22. Nf3 Ng6 23. Bg3 Nf6 24. a4 Nd7 25. Nd5 Bf8 26. Nb4 Rcc8 27. Bxd6 Nc5 28. Bxf8 Rxf8 29. Na2 f5 30. Nd4 f4 31. Qc3 e5 32. Nf3 Rce8 33. Qc2 Ne6 34. Nc3 Nd4 35. Nxd4 exd4 36. Nd5 f3 37. g3 Qc8 38. Kh2 Re5 39. Qd3 Qe6 40. Qf1 Bc8 41. Rxd4 Rh5 42. e5 Rxh3+ 43. Kg1 Nxe5 44. Nf4 Rxf4 45. Rxf4 Qh6 46. Rh4 Rxh4 47. gxh4 Qxh4 48. Rxe5 Bh3 49. Bxh7+ Qxh7 50. Qc1 Bg2 51. Re8+ Kf7 52. Rh8 Qxh8 53. Qf4+ Ke6 54. Qe4+ Kd6 55. Qd5+ Kc7 56. Qe5+ Kb7 57. Qd5+ Ka7 58. Qd7+ Kb8 59. Qd6+ *

[Event "2nd Goa GM Open 2019"]
[Site "Goa"]
[Date "2019.06.23"]
[Round "8.30"]
[White "Srija, Seshadri"]
[Black "Bharath Subramaniyam H"]
[Result "1/2-1/2"]
[ECO "B41"]
[WhiteElo "2174"]
[BlackElo "2383"]
[Annotator "NA"]
[PlyCount "106"]
[EventDate "2019.06.17"]
[EventType "swiss"]
[EventCountry "IND"]
[SourceTitle "playchess.com"]
[Source "ChessBase"]
[SourceQuality "1"]
[TimeControl "5400+30"]

1. e4 c5 2. Nf3 e6 3. d4 cxd4 4. Nxd4 a6 5. c4 Nf6 6. Nc3 Qc7 7. a3 Be7 8. Be3 b6 9. Be2 Bb7 10. f3 O-O 11. O-O d6 12. Rc1 Nbd7 13. b4 Rac8 14. Qd2 Qb8 15. Rfd1 Rfe8 16. Na4 h5 17. Qe1 d5 18. cxd5 exd5 19. Rxc8 Rxc8 20. Nf5 Bf8 21. Nxb6 Nxb6 22. Bxb6 dxe4 23. Qg3 exf3 24. gxf3 Qxg3+ 25. hxg3 Rc2 26. Kf2 Nd5 27. Bd4 Ra2 28. Ra1 Rc2 29. Ne3 Nxe3 30. Kxe3 Be7 31. Kd3 Rc6 32. Ke3 Rg6 33. Rc1 Bd6 34. Rh1 Rg5 35. Rh3 Bc8 36. f4 Rg6 37. Rxh5 Rxg3+ 38. Kf2 Bxf4 39. Rd5 Be6 40. Ra5 Rb3 41. Bxa6 Bc1 42. Bb7 Rxa3 43. Rxa3 Bxa3 44. b5 Bd6 45. Ke3 f5 46. Ba7 g5 47. Kd4 f4 48. b6 g4 49. Bd5 Kf7 50. b7 f3 51. Bxf3 gxf3 52. Ke3 Bd5 53. b8=Q Bxb8 {[%emt 0:00:07] Ke4} 1/2-1/2

[Event "2nd Goa GM Open 2019"]
[Site "Goa"]
[Date "2019.06.24"]
[Round "9.3"]
[White "Rahman, Ziaur"]
[Black "Ter-Sahakyan, Samvel"]
[Result "0-1"]
[ECO "A06"]
[WhiteElo "2481"]
[BlackElo "2611"]
[Annotator "RC"]
[PlyCount "110"]
[EventDate "2019.06.17"]
[EventType "swiss"]
[EventCountry "IND"]
[SourceTitle "playchess.com"]
[Source "ChessBase"]
[SourceQuality "1"]
[TimeControl "5400+30"]

1. Nf3 d5 2. g3 g6 3. Bg2 Bg7 4. O-O e5 5. d3 Ne7 6. e4 O-O 7. Nc3 d4 8. Ne2 c5 9. Nd2 Nbc6 10. f4 exf4 11. Nxf4 Ne5 12. h3 b6 13. Nf3 Bb7 14. Nxe5 Bxe5 15. Ne2 Bg7 16. g4 Nc6 17. Nf4 Ne5 18. Nd5 Bxd5 19. exd5 Qd7 20. Bf4 f5 21. gxf5 Rxf5 22. Qd2 Raf8 23. Rae1 Nf7 24. Qe2 Be5 25. Bd2 Nd6 26. Rxf5 Rxf5 27. b3 Qf7 28. a4 a5 29. Qg4 h5 30. Qd1 Qf6 31. Qe2 Kh7 32. Rf1 Bf4 33. Bxf4 Rxf4 34. Rxf4 Qxf4 35. Qe7+ Kh6 36. h4 Qe3+ 37. Qxe3+ dxe3 38. Kf1 g5 39. Ke2 Nf5 40. c3 Nxh4 41. Be4 Kg7 42. Kxe3 Kf6 43. Kf2 Ke5 44. Kg3 Nf5+ 45. Bxf5 Kxf5 46. c4 Kf6 47. Kf3 Ke5 48. Kg3 Kf5 49. Kf3 h4 50. Kg2 g4 51. Kh2 g3+ 52. Kh3 Kg5 53. Kg2 Kg4 54. d6 h3+ 55. Kh1 Kf3 0-1

[Event "2nd Goa GM Open 2019"]
[Site "Goa"]
[Date "2019.06.24"]
[Round "9.18"]
[White "Nguyen, Van Huy"]
[Black "Matta, Vinay Kumar"]
[Result "0-1"]
[ECO "E92"]
[WhiteElo "2456"]
[BlackElo "2181"]
[Annotator "ChessBase"]
[PlyCount "96"]
[EventDate "2019.06.17"]
[EventType "swiss"]
[EventCountry "IND"]
[SourceTitle "playchess.com"]
[Source "ChessBase"]
[SourceQuality "1"]
[TimeControl "5400+30"]

1. d4 Nf6 2. c4 g6 3. Nc3 Bg7 4. e4 d6 5. Nf3 O-O 6. Be2 e5 7. Be3 Ng4 8. Bg5 f6 9. Bh4 g5 10. Bg3 Nh6 11. dxe5 dxe5 12. Qd5+ Nf7 13. Rd1 Qe7 14. Qa5 c6 15. h4 g4 16. Nh2 h5 17. f3 Nh6 18. Bf2 Na6 19. Nf1 Be6 20. Ng3 Bf7 21. Nf1 Be6 22. Ng3 Bf7 23. Be3 Be6 24. Bf2 Bf7 25. Be3 Bg6 26. fxg4 hxg4 27. O-O Kh8 28. Nf5 Bxf5 29. exf5 Rfd8 30. Rxd8+ Rxd8 31. Ne4 Rd4 32. Ng3 Nf7 33. Bxd4 exd4 34. Bxg4 Qe3+ 35. Kh2 Bf8 36. Bh5 Bb4 37. Qa4 Bd6 38. Rf3 Qh6 39. Bxf7 Qxh4+ 40. Kg1 Bxg3 41. Rxg3 Qxg3 42. Qd1 Kg7 43. Be6 Qe3+ 44. Kh1 d3 45. Qg4+ Qg5 46. Qd4 d2 47. g4 Nc5 48. Kg2 Nd3 0-1

[Event "2nd Goa GM Open 2019"]
[Site "Goa"]
[Date "2019.06.24"]
[Round "9.22"]
[White "Malakhatko, Vadim"]
[Black "Rathnakaran, K.."]
[Result "*"]
[ECO "A20"]
[WhiteElo "2505"]
[BlackElo "2338"]
[Annotator "RC"]
[PlyCount "73"]
[EventDate "2019.06.17"]
[EventType "swiss"]
[EventCountry "IND"]
[SourceTitle "playchess.com"]
[Source "ChessBase"]
[SourceQuality "1"]
[TimeControl "5400+30"]

1. c4 e5 2. e3 d6 3. Nc3 Nd7 4. g3 Ngf6 5. Bg2 Be7 6. Nge2 c6 7. O-O h5 8. h3 Nb6 9. b3 d5 10. cxd5 cxd5 11. Bb2 Be6 12. f4 d4 13. exd4 exd4 14. Nb5 d3 15. Ned4 a6 16. Nxe6 fxe6 17. Nc3 Nbd5 18. Nxd5 Nxd5 19. Bxg7 Rg8 20. Qxh5+ Kd7 21. Be5 Rxg3 22. Kh2 Rxg2+ 23. Kxg2 Qa5 24. Rad1 Qxa2 25. Kh1 Nb4 26. Qf3 Rd8 27. Qxb7+ Ke8 28. Rg1 Qxb3 29. Rg8+ Bf8 30. Rdg1 Qd5+ 31. Qxd5 Nxd5 32. h4 Kd7 33. h5 Bh6 34. Rxd8+ Kxd8 35. Rg6 Bxf4 36. Bxf4 Nxf4 37. Rg8+ *

[Event "2nd Goa GM Open 2019"]
[Site "Goa"]
[Date "2019.06.25"]
[Round "10.1"]
[White "Paichadze, Luka"]
[Black "Petrosyan, Manuel"]
[Result "1/2-1/2"]
[ECO "B22"]
[WhiteElo "2557"]
[BlackElo "2573"]
[Annotator "ChessBase"]
[PlyCount "79"]
[EventDate "2019.06.17"]
[EventType "swiss"]
[EventCountry "IND"]
[SourceTitle "playchess.com"]
[Source "ChessBase"]
[SourceQuality "1"]
[TimeControl "5400+30"]

1. e4 c5 2. c3 d5 3. exd5 Qxd5 4. d4 Nc6 5. Nf3 Bf5 6. Be3 cxd4 7. cxd4 Bxb1 8. Rxb1 e6 9. a3 Nf6 10. Bd3 Bd6 11. O-O O-O 12. Re1 Rac8 13. Qe2 h6 14. Rbd1 a6 15. Bb1 Ne7 16. Ne5 Bxe5 17. dxe5 Qxe5 18. Qf3 Qxb2 19. Bd4 Qb5 20. Bxf6 gxf6 21. Qxf6 Qg5 22. Qf3 Rfd8 23. Rxd8+ Rxd8 24. Qxb7 Qe5 25. Qb4 a5 26. Qg4+ Qg5 27. Qe4 Ng6 28. g3 Rd5 29. Qc2 Kg7 30. Rd1 Rxd1+ 31. Qxd1 Qc5 32. Qd3 f5 33. Qd7+ Kf6 34. Ba2 Nf8 35. Qd8+ Kf7 36. Qd3 Ke7 37. Qb3 Qe5 38. Qb1 Qc3 39. a4 Nd7 40. Qd1 1/2-1/2

[Event "2nd Goa GM Open 2019"]
[Site "Goa"]
[Date "2019.06.25"]
[Round "10.6"]
[White "Aleksandrov, Aleksej"]
[Black "Rahman, Ziaur"]
[Result "0-1"]
[ECO "D31"]
[WhiteElo "2588"]
[BlackElo "2481"]
[Annotator "ChessBase"]
[PlyCount "100"]
[EventDate "2019.06.17"]
[EventType "swiss"]
[EventCountry "IND"]
[SourceTitle "playchess.com"]
[Source "ChessBase"]
[SourceQuality "1"]
[TimeControl "5400+30"]

1. d4 d5 2. c4 e6 3. Nc3 c6 4. e3 Bd6 5. Qc2 f5 6. Bd2 Nf6 7. f3 O-O 8. O-O-O Nbd7 9. cxd5 Nxd5 10. e4 Nxc3 11. Bxc3 Kh8 12. Nh3 Nb6 13. Kb1 Bd7 14. e5 Be7 15. Nf4 Qe8 16. h4 Nd5 17. Bd2 Rc8 18. Bc4 Nxf4 19. Bxf4 b5 20. Bb3 a5 21. a3 a4 22. Ba2 b4 23. axb4 Bxb4 24. Bc4 Ra8 25. Ka2 Qf7 26. Rhf1 Qh5 27. Bg5 Rfb8 28. Rg1 Qe8 29. g4 Bf8 30. h5 Rb3 31. h6 Rab8 32. hxg7+ Bxg7 33. Bc1 Qf8 34. Rh1 c5 35. dxc5 Be8 36. Bxe6 Bxe5 37. Qxf5 Rxb2+ 38. Bxb2 Rxb2+ 39. Ka1 Re2+ 40. Kb1 Bg6 41. Rd7 Bxf5+ 42. Bxf5 h6 43. Rh7+ Kg8 44. Rb7 a3 45. Be6+ Kh8 46. c6 Bf4 47. Bc4 Re7 48. Ka2 Rxb7 49. cxb7 Qb4 50. b8=R+ Bxb8 0-1

[Event "2nd Goa GM Open 2019"]
[Site "Goa"]
[Date "2019.06.25"]
[Round "10.7"]
[White "Mohammad Nubairshah Shaikh"]
[Black "Stupak, Kirill"]
[Result "1-0"]
[ECO "A04"]
[WhiteElo "2436"]
[BlackElo "2584"]
[Annotator "ChessBase"]
[PlyCount "61"]
[EventDate "2019.06.17"]
[EventType "swiss"]
[EventCountry "IND"]
[SourceTitle "playchess.com"]
[Source "ChessBase"]
[SourceQuality "1"]
[TimeControl "5400+30"]

1. Nf3 c5 2. c4 g6 3. g3 Bg7 4. Bg2 Nc6 5. O-O e6 6. Nc3 Nge7 7. d3 O-O 8. Bf4 d5 9. cxd5 exd5 10. Qd2 b6 11. d4 Nxd4 12. Nxd4 Bxd4 13. Nb5 Bg7 14. Nc7 Rb8 15. Nxd5 Rb7 16. Bg5 Kh8 17. Rad1 f6 18. Nxf6 Qxd2 19. Rxd2 h6 20. Bxb7 Bxb7 21. Rd7 hxg5 22. Rxe7 Ba6 23. Nd7 Rd8 24. b3 Bb5 25. Rd1 g4 26. a4 Bc6 27. Rd3 c4 28. bxc4 Bxa4 29. Ne5 Rc8 30. Rxa7 Be8 31. Nf7+ 1-0

[Event "2nd Goa GM Open 2019"]
[Site "Goa"]
[Date "2019.06.25"]
[Round "10.8"]
[White "Konguvel, Ponnuswamy"]
[Black "Debashis, Das"]
[Result "0-1"]
[ECO "B97"]
[WhiteElo "2293"]
[BlackElo "2544"]
[Annotator "ChessBase"]
[PlyCount "92"]
[EventDate "2019.06.17"]
[EventType "swiss"]
[EventCountry "IND"]
[SourceTitle "playchess.com"]
[Source "ChessBase"]
[SourceQuality "1"]
[TimeControl "5400+30"]

1. e4 c5 2. Nf3 d6 3. d4 cxd4 4. Nxd4 Nf6 5. Nc3 a6 6. Bg5 e6 7. f4 Qb6 8. Qd3 Nc6 9. Bxf6 gxf6 10. Nb3 Bd7 11. O-O-O O-O-O 12. Be2 Rg8 13. g3 Kb8 14. Bh5 Rg7 15. Rhf1 Rc8 16. Kb1 Be7 17. Qe2 Na5 18. Rf3 Nc4 19. Rfd3 Qc7 20. Nd2 Na5 21. Nb3 Nc4 22. Nd2 Nb6 23. Nf1 Qc5 24. Ne3 Qa5 25. f5 Rc7 26. Qd2 Qc5 27. a3 Rc8 28. Ne2 Bc6 29. Bf3 Na4 30. Nd4 Bd7 31. Rb3 Qc7 32. Ne2 Bc6 33. Nf4 Nc5 34. Rc3 Rgg8 35. fxe6 fxe6 36. b4 Na4 37. Rb3 Qd7 38. Bg2 Rg5 39. Bh3 Re5 40. Nc4 Rxe4 41. Nxd6 Qxd6 42. Qxd6+ Bxd6 43. Rxd6 Re1+ 44. Ka2 Bd5 45. c4 Rxc4 46. Rd8+ Ka7 0-1

[Event "2nd Goa GM Open 2019"]
[Site "Goa"]
[Date "2019.06.25"]
[Round "10.9"]
[White "Neelash Saha"]
[Black "Gukesh D"]
[Result "0-1"]
[ECO "A50"]
[WhiteElo "2315"]
[BlackElo "2543"]
[Annotator "ChessBase"]
[PlyCount "74"]
[EventDate "2019.06.17"]
[EventType "swiss"]
[EventCountry "IND"]
[SourceTitle "playchess.com"]
[Source "ChessBase"]
[SourceQuality "1"]
[TimeControl "5400+30"]

1. d4 Nf6 2. c4 b6 3. f3 Nc6 4. Nc3 e5 5. d5 Ne7 6. e4 Ng6 7. Be3 Bc5 8. Qd2 O-O 9. g3 Ne8 10. Bd3 d6 11. Nge2 Bh3 12. Ng1 Bxe3 13. Qxe3 Bg2 14. Kf2 Bxh1 15. Nge2 Bg2 16. Ng1 Bh1 17. Nge2 Bxf3 18. Kxf3 Nf6 19. Rf1 Nd7 20. Kg2 Nc5 21. Bc2 a5 22. h4 Qd7 23. h5 Ne7 24. h6 g6 25. Nb5 f5 26. exf5 Nxf5 27. Qg5 Qd8 28. Rxf5 Rxf5 29. Qxd8+ Rxd8 30. Bxf5 gxf5 31. Nxc7 Kf7 32. Nc3 Ke7 33. Nd1 Kd7 34. Nb5 Rg8 35. Ne3 f4 36. Nf5 e4 37. Ng7 f3+ 0-1

[Event "2nd Goa GM Open 2019"]
[Site "Goa"]
[Date "2019.06.25"]
[Round "10.10"]
[White "Shyaamnikhil P"]
[Black "Burmakin, Vladimir"]
[Result "0-1"]
[ECO "B19"]
[WhiteElo "2434"]
[BlackElo "2526"]
[Annotator "ChessBase"]
[PlyCount "84"]
[EventDate "2019.06.17"]
[EventType "swiss"]
[EventCountry "IND"]
[SourceTitle "playchess.com"]
[Source "ChessBase"]
[SourceQuality "1"]
[TimeControl "5400+30"]

1. e4 c6 2. d4 d5 3. Nd2 dxe4 4. Nxe4 Bf5 5. Ng3 Bg6 6. h4 h6 7. Nf3 Nd7 8. h5 Bh7 9. Bd3 Bxd3 10. Qxd3 e6 11. Bd2 Qc7 12. O-O-O O-O-O 13. c4 Ngf6 14. Ne4 c5 15. Nxf6 Nxf6 16. Bc3 cxd4 17. Bxd4 Bc5 18. Qc3 Bxd4 19. Rxd4 Rxd4 20. Nxd4 Rd8 21. Nc2 Ne4 22. Qxg7 Qf4+ 23. Kb1 Nxf2 24. Re1 Ne4 25. Na3 a6 26. Ka1 Qg3 27. Qxg3 Nxg3 28. c5 Rd5 29. Nc4 Rxc5 30. Nd6+ Kd7 31. Nxf7 Rxh5 32. Rd1+ Ke7 33. Nd6 b5 34. a4 bxa4 35. Ka2 Rd5 36. Nc8+ Kf6 37. Rc1 Rd2 38. Rc4 Rxg2 39. Rxa4 h5 40. Nd6 Rd2 41. Rxa6 h4 42. Ne8+ Ke7 0-1

[Event "2nd Goa GM Open 2019"]
[Site "Goa"]
[Date "2019.06.25"]
[Round "10.11"]
[White "Gagare, Shardul"]
[Black "Anuj Shrivatri"]
[Result "1/2-1/2"]
[ECO "C50"]
[WhiteElo "2482"]
[BlackElo "2336"]
[Annotator "ChessBase"]
[PlyCount "47"]
[EventDate "2019.06.17"]
[EventType "swiss"]
[EventCountry "IND"]
[SourceTitle "playchess.com"]
[Source "ChessBase"]
[SourceQuality "1"]
[TimeControl "5400+30"]

1. e4 e5 2. Bc4 Nf6 3. d3 Nc6 4. Nf3 Bc5 5. c3 O-O 6. Nbd2 d6 7. h3 a6 8. Bb3 Ba7 9. Nf1 Ne7 10. g4 Ng6 11. Ng3 Be6 12. Bc2 d5 13. Qe2 dxe4 14. dxe4 b5 15. b3 Qd6 16. O-O Rfe8 17. Nf5 Qc5 18. Qe1 Kh8 19. Kh2 Kg8 20. Kg1 Kh8 21. Kh2 Kg8 22. Kg1 Kh8 23. Kh2 Kg8 24. Kg1 1/2-1/2

[Event "2nd Goa GM Open 2019"]
[Site "Goa"]
[Date "2019.06.25"]
[Round "10.14"]
[White "Iniyan, P."]
[Black "Mendonca, Leon Luke"]
[Result "1/2-1/2"]
[ECO "B90"]
[WhiteElo "2525"]
[BlackElo "2405"]
[Annotator "ChessBase"]
[PlyCount "105"]
[EventDate "2019.06.17"]
[EventType "swiss"]
[EventCountry "IND"]
[SourceTitle "playchess.com"]
[Source "ChessBase"]
[SourceQuality "1"]
[TimeControl "5400+30"]

1. e4 c5 2. Nf3 d6 3. d4 cxd4 4. Nxd4 Nf6 5. Nc3 a6 6. h3 e5 7. Nb3 Be6 8. Be3 Be7 9. f4 exf4 10. Bxf4 Nc6 11. Qe2 Nd7 12. O-O-O Nce5 13. Kb1 O-O 14. Nd4 Rc8 15. Qd2 Nb6 16. Nxe6 fxe6 17. Bxe5 dxe5 18. Qxd8 Rcxd8 19. Rxd8 Bxd8 20. Be2 Rf2 21. Rf1 Rxf1+ 22. Bxf1 Be7 23. a3 Bc5 24. b4 Bd4 25. Nd1 Na4 26. c4 Nc3+ 27. Nxc3 Bxc3 28. Kc2 Bd4 29. Kb3 Kf7 30. c5 Ke7 31. Ka4 Bb2 32. Kb3 Bd4 33. Ka4 Bb2 34. b5 axb5+ 35. Bxb5 Bd4 36. Kb4 b6 37. cxb6 Bxb6 38. Bc4 Kd6 39. Kb5 Bf2 40. Ka6 Kc7 41. Bxe6 h5 42. Bf7 h4 43. Bg6 Bg3 44. Kb5 Kb7 45. Kc5 Ka6 46. Kd5 Ka5 47. Be8 g5 48. Ke6 Bf4 49. Kf5 Kb6 50. a4 Ka5 51. Bd7 Kb6 52. Be8 Ka5 53. Bd7 1/2-1/2

[Event "2nd Goa GM Open 2019"]
[Site "Goa"]
[Date "2019.06.25"]
[Round "10.16"]
[White "Kunte, Abhijit"]
[Black "Mitrabha, Guha"]
[Result "1-0"]
[ECO "A37"]
[WhiteElo "2478"]
[BlackElo "2341"]
[Annotator "ChessBase"]
[PlyCount "155"]
[EventDate "2019.06.17"]
[EventType "swiss"]
[EventCountry "IND"]
[SourceTitle "playchess.com"]
[Source "ChessBase"]
[SourceQuality "1"]
[TimeControl "5400+30"]

1. c4 c5 2. g3 Nc6 3. Bg2 g6 4. Nc3 Bg7 5. Nf3 e6 6. d3 Nge7 7. h4 h6 8. O-O O-O 9. Bf4 d5 10. cxd5 exd5 11. Qc1 Kh7 12. Nb5 Bg4 13. Qxc5 Bxb2 14. Rab1 Bg7 15. e3 b6 16. Qd6 Qxd6 17. Bxd6 Rfd8 18. Rfc1 Rd7 19. d4 Bf5 20. Rb3 a6 21. Bxe7 Na5 22. Ra3 axb5 23. Bb4 Rda7 24. Nd2 Be6 25. Nb1 Bf8 26. Bxf8 Rxf8 27. Nc3 b4 28. Nb5 Raa8 29. Ra4 b3 30. axb3 Nxb3 31. Rxa8 Rxa8 32. Rc2 Ra1+ 33. Kh2 Rc1 34. Rxc1 Nxc1 35. Nc3 Nd3 36. Kg1 Nb4 37. Na4 Bd7 38. Nxb6 Bc6 39. Kf1 Bb5+ 40. Ke1 Nd3+ 41. Kd2 Nxf2 42. Nxd5 Kg7 43. Nc3 Bc4 44. e4 g5 45. Bf3 Nd3 46. hxg5 hxg5 47. Be2 Nb2 48. Nd1 Bxe2 49. Nxb2 Bb5 50. Nd1 Kf6 51. Ne3 Ke6 52. Nf5 Bf1 53. Ke3 f6 54. d5+ Ke5 55. Nd4 Kd6 56. Nf3 Bg2 57. Ne1 Bh1 58. Kd4 Kd7 59. Nc2 Bf3 60. Ne3 Ke7 61. e5 fxe5+ 62. Kxe5 Kd7 63. Nc4 Ke7 64. Nd2 Be2 65. Ne4 g4 66. Nf6 Bd1 67. d6+ Kd8 68. Ke6 Be2 69. Kf5 Kc8 70. Ke5 Kd8 71. Ne4 Kd7 72. Nc5+ Kd8 73. Kf6 Bc4 74. Kf5 Be2 75. Ke6 Bc4+ 76. Ke5 Be2 77. Kd5 Bf1 78. d7 1-0

[Event "2nd Goa GM Open 2019"]
[Site "Goa"]
[Date "2019.06.25"]
[Round "10.17"]
[White "Rathanvel, V S"]
[Black "Kostenko, Petr"]
[Result "1/2-1/2"]
[ECO "C18"]
[WhiteElo "2314"]
[BlackElo "2473"]
[Annotator "ChessBase"]
[PlyCount "100"]
[EventDate "2019.06.17"]
[EventType "swiss"]
[EventCountry "IND"]
[SourceTitle "playchess.com"]
[Source "ChessBase"]
[SourceQuality "1"]
[TimeControl "5400+30"]

1. e4 e6 2. d4 d5 3. Nc3 Bb4 4. e5 c5 5. a3 Bxc3+ 6. bxc3 Nc6 7. Qg4 g6 8. Nf3 Qa5 9. Bd2 Qa4 10. Bd3 c4 11. Be2 Bd7 12. O-O h6 13. Ra2 O-O-O 14. h4 Rf8 15. Nh2 f6 16. f4 Nge7 17. exf6 Rxf6 18. Qg3 Nf5 19. Qf2 Rff8 20. Ng4 Qa5 21. Bf3 Rhg8 22. g3 Qd8 23. Raa1 Kb8 24. Rae1 Ka8 25. Kg2 h5 26. Ne5 Nxe5 27. fxe5 g5 28. Bxg5 Rxg5 29. hxg5 Qxg5 30. Rh1 Be8 31. Rh3 Rg8 32. Reh1 h4 33. g4 Kb8 34. Rxh4 Nxh4+ 35. Qxh4 Qd2+ 36. Kg3 Bd7 37. Qe7 Bc8 38. Rh7 Qxc3 39. Qf7 Qe1+ 40. Kg2 Qd2+ 41. Kh3 Qg5 42. Qf6 Qe3 43. Qf7 Qg5 44. Qf6 Qc1 45. Qf7 Qg5 46. Qf6 Qe3 47. Qf7 Qg5 48. Qf6 Qe3 49. Qf7 Qg5 50. Qf6 Qe3 1/2-1/2

[Event "2nd Goa GM Open 2019"]
[Site "Goa"]
[Date "2019.06.25"]
[Round "10.19"]
[White "Srija, Seshadri"]
[Black "Sardana, Rishi"]
[Result "1/2-1/2"]
[ECO "C50"]
[WhiteElo "2174"]
[BlackElo "2428"]
[Annotator "NA RC"]
[PlyCount "216"]
[EventDate "2019.06.17"]
[EventType "swiss"]
[EventCountry "IND"]
[SourceTitle "playchess.com"]
[Source "ChessBase"]
[SourceQuality "1"]
[TimeControl "5400+30"]

1. e4 e5 2. Nf3 Nc6 3. Bc4 Bc5 4. d3 Nf6 5. O-O d6 6. c3 a5 7. a4 h6 8. Re1 O-O 9. Nbd2 Be6 10. Qb3 Qd7 11. Nf1 Ne7 12. d4 exd4 13. cxd4 Bxc4 14. Qxc4 Bb4 15. Bd2 Bxd2 16. N1xd2 d5 17. exd5 Nexd5 18. Ne5 Qd6 19. Qc1 Nb4 20. Ndf3 Rfe8 21. Ra3 Nfd5 22. Nh4 Nc6 23. Nf5 Qf6 24. Nxg7 Kxg7 25. Rg3+ Kh7 26. Qb1+ Kh8 27. Rf3 Qg7 28. Rxf7 Rxe5 29. Rxg7 Rxe1+ 30. Qxe1 Kxg7 31. Qe4 Rd8 32. Qg4+ Kf7 33. h3 Rd6 34. Qf5+ Kg7 35. Qg4+ Kf7 36. Qf5+ Kg7 37. Qg4+ Rg6 38. Qd7+ Nce7 39. h4 h5 40. g3 b6 41. Qe8 c6 42. Kf1 Rh6 43. Kg1 Rh8 44. Qd7 Rh6 45. Qe8 Rh8 46. Qd7 Kf7 47. Qd6 Rh7 48. Kf1 Ke8 49. Qb8+ Kd7 50. Qb7+ Ke6 51. Qb8 Kf7 52. Qd6 Rh8 53. Kg1 Re8 54. Qe5 Nf6 55. Qc7 Nfd5 56. Qe5 Nf6 57. Qc7 b5 58. axb5 cxb5 59. Qxa5 Rb8 60. Qc7 Ra8 61. Qb7 Ra1+ 62. Kg2 Rd1 63. Qxb5 Rxd4 64. Qc5 Rd5 65. Qc4 Nf5 66. b4 Nd6 67. Qc2 Ke6 68. f3 Rb5 69. Qa2+ Ke7 70. Qa7+ Nd7 71. Qd4 Re5 72. Qd3 Nf6 73. Qd2 Ke6 74. Qc2 Rd5 75. Qa2 Nd7 76. Qe2+ Re5 77. Qc2 Nf6 78. Kf2 Rb5 79. Qe2+ Kd7 80. Qb2 Nd5 81. Qd4 Nxb4 82. g4 hxg4 83. Qxg4+ Ke7 84. Qd4 Nc6 85. Qg7+ Nf7 86. Qc3 Ncd8 87. Qc7+ Kf6 88. Qc3+ Ke7 89. Qc7+ Kf8 90. Qc8 Rd5 91. Qg4 Rd2+ 92. Kg3 Rd6 93. h5 Ne6 94. Qf5 Ned8 95. Qg4 Rf6 96. Qb4+ Kg7 97. Qd4 Ne6 98. Qg4+ Kf8 99. Qb4+ Kg8 100. Qg4+ Kh8 101. Qe4 Neg5 102. Qg4 Kh7 103. Kg2 Kh6 104. f4 Ne6 105. Kg3 Nd6 106. Qf3 Nf5+ 107. Kg4 Nfg7 108. Qe3 Rxf4+ 1/2-1/2

[Event "2nd Goa GM Open 2019"]
[Site "Goa"]
[Date "2019.06.25"]
[Round "10.20"]
[White "Harshavardhan G B"]
[Black "Kamdar Udit"]
[Result "1-0"]
[ECO "B14"]
[WhiteElo "2406"]
[BlackElo "2087"]
[Annotator "NA"]
[PlyCount "98"]
[EventDate "2019.06.17"]
[EventType "swiss"]
[EventCountry "IND"]
[SourceTitle "playchess.com"]
[Source "ChessBase"]
[SourceQuality "1"]
[TimeControl "5400+30"]

1. d4 c6 2. e4 d5 3. exd5 cxd5 4. c4 g6 5. Nc3 Nf6 6. cxd5 Bg7 7. Bb5+ Nbd7 8. d6 O-O 9. dxe7 Qxe7+ 10. Nge2 a6 11. Bd3 b5 12. O-O Bb7 13. Nf4 Nb6 14. Re1 Qb4 15. a3 Qxd4 16. Be3 Qd8 17. Bxb5 Nbd5 18. Bf1 Nxe3 19. Qxd8 Raxd8 20. Rxe3 Bh6 21. Re7 Bc8 22. Nd3 Nd5 23. Nxd5 Rxd5 24. Rae1 Be6 25. Rc7 Bd2 26. Rd1 Bg5 27. Rc5 Rfd8 28. Rxd5 Rxd5 29. Be2 Bf6 30. b4 a5 31. Nf4 Rxd1+ 32. Bxd1 axb4 33. axb4 Bc4 34. Be2 Bg5 35. Nh3 Bxe2 36. Nxg5 f5 37. f4 h6 38. Ne6 Kf7 39. Nd4 Bd3 40. Kf2 Ke7 41. Ke3 Be4 42. Nf3 Kd6 43. g3 Bc6 44. Ne5 Be8 45. Kd4 g5 46. Nc4+ Kc6 47. b5+ Kc7 48. b6+ Kb8 49. Nd6 Bd7 {[%emt 0:00:09] Ke4} 1-0

[Event "2nd Goa GM Open 2019"]
[Site "Goa"]
[Date "2019.06.25"]
[Round "10.21"]
[White "Deepan Chakkravarthy J."]
[Black "Priyanka, K."]
[Result "1-0"]
[ECO "B91"]
[WhiteElo "2557"]
[BlackElo "2053"]
[Annotator "ChessBase"]
[PlyCount "69"]
[EventDate "2019.06.17"]
[EventType "swiss"]
[EventCountry "IND"]
[SourceTitle "playchess.com"]
[Source "ChessBase"]
[SourceQuality "1"]
[TimeControl "5400+30"]

1. e4 c5 2. Nf3 d6 3. d4 cxd4 4. Nxd4 Nf6 5. Nc3 a6 6. g3 e5 7. Nf3 Be7 8. Bg2 Be6 9. Nh4 Nc6 10. Nf5 Bf8 11. O-O b5 12. Bg5 b4 13. Nd5 Bxd5 14. exd5 Ne7 15. Bxf6 gxf6 16. Be4 Nxf5 17. Bxf5 h5 18. h4 Qb6 19. c3 Rb8 20. cxb4 Qxb4 21. Rc1 Be7 22. b3 Bd8 23. Rc4 Qb7 24. Rc6 Ke7 25. Qf3 Bb6 26. Rfc1 a5 27. Kg2 Ra8 28. R1c4 Rad8 29. b4 Ra8 30. a4 Qa7 31. b5 Qb7 32. Rxd6 Kxd6 33. Qa3+ Kxd5 34. Qd3+ Bd4 35. Be4+ 1-0

[Event "2nd Goa GM Open 2019"]
[Site "Goa"]
[Date "2019.06.25"]
[Round "10.22"]
[White "Fier, Alexandr"]
[Black "Rahul Srivatshav P"]
[Result "1-0"]
[ECO "B48"]
[WhiteElo "2543"]
[BlackElo "2395"]
[Annotator "ChessBase"]
[PlyCount "77"]
[EventDate "2019.06.17"]
[EventType "swiss"]
[EventCountry "IND"]
[SourceTitle "playchess.com"]
[Source "ChessBase"]
[SourceQuality "1"]
[TimeControl "5400+30"]

1. e4 c5 2. Nf3 e6 3. d4 cxd4 4. Nxd4 Nc6 5. Nc3 Qc7 6. Be3 a6 7. Qf3 h5 8. O-O-O Ne5 9. Qg3 h4 10. Qh3 Ng6 11. Qg4 Nf6 12. Qe2 Bb4 13. Bd2 b5 14. Re1 Bb7 15. f3 Rh5 16. Kb1 Rc8 17. Qd1 Bc5 18. Be3 Bb4 19. Bd2 Bc5 20. Be3 d5 21. Bd3 Ne5 22. exd5 Nxd3 23. Qxd3 Nxd5 24. Ne4 Nxe3 25. Nxc5 Qxc5 26. Rxe3 Rd8 27. c3 Rhd5 28. Qh7 Re5 29. Qd3 Red5 30. Qh7 Re5 31. Rd3 Bd5 32. Qxg7 Qc4 33. Kc2 Qa4+ 34. Kd2 Bc4 35. Qh8+ Kd7 36. Qxe5 Bxd3 37. Kxd3 Qxa2 38. Ke3 Qxb2 39. Nxe6 1-0